 Dungeon Crawl Stone Soup version 0.19.4-9-g45fd643 (webtiles) character file.

889 oplop the Chiller (level 8, 0/53 HPs)
             Began as an Octopode Ice Elementalist on Feb 19, 2017.
             Slain by a phantom (8 damage)
             ... on level 6 of the Dungeon.
             The game lasted 00:15:58 (6253 turns).

oplop the Chiller (Octopode Ice Elementalist)       Turns: 6253, Time: 00:15:59

Health: 0/53       AC:  8    Str:  5    XL:     8   Next: 6%
Magic:  1/14       EV: 13    Int: 18    God:
Gold:   228        SH:  0    Dex: 12    Spells: 3 memorised, 7 levels left

rFire  . . .     SeeInvis +     e - +0 dagger
rCold  . . .     Gourm    .     (no shield)
rNeg   . . .     Faith    .     x - +1 hat
rPois  .         Spirit   .     (no amulet)
rElec  .         Reflect  .     (no ring)
rCorr  .         Harm     .     (no ring)
MR     +....                    (no ring)
Stlth  +++.......               (no ring)
                                (no ring)
                                (no ring)
                                (no ring)
                                (no ring)

@: icy armour, slow
A: almost no armour, stealthy swim, amphibious, 8 rings, constrict 8, camouflage
1, see invisible, dopey 1, magic resistance 1, screaming 1, slow regeneration 1,
weak 1, gelatinous body 1
a: no special abilities


You were on level 6 of the Dungeon.
You were hungry.

You visited 1 branch of the dungeon, and saw 6 of its levels.

You collected 228 gold pieces.

Inventory:

Hand Weapons
 e - a +0 dagger (weapon)
Missiles
 B - a throwing net (quivered)
Armour
 x - a +1 hat (worn)
Scrolls
 c - a scroll of identify
 f - a scroll of amnesia
 j - a scroll of enchant armour
 k - 2 scrolls of remove curse
 l - a scroll of recharging
 s - 2 scrolls of teleportation
 y - a scroll of blinking
Potions
 d - 3 potions of agility
 h - 2 potions of ambrosia {unknown}
 n - 2 potions of curing
 o - a potion of berserk rage {unknown}
 p - a potion of brilliance {unknown}
 q - 3 potions of degeneration
 r - 2 potions of heal wounds {unknown}
 t - 2 potions of might {unknown}
 v - a potion of flight
 z - a potion of magic
Books
 a - a book of Frost

   Spells                             Type                      Level
   a - Freeze                         Ice                          1
   b - Throw Frost                    Conjuration/Ice              2
   c - Ozocubu's Armour               Charms/Ice                   3
   d - Throw Icicle                   Conjuration/Ice              4
   e - Summon Ice Beast               Ice/Summoning                4
 w - a book of Debilitation

   Spells                             Type                      Level
   a - Corona                         Hexes                        1
   b - Slow                           Hexes                        2
   c - Gell's Gravitas                Hexes/Translocation          3
   d - Inner Flame                    Hexes/Fire                   3
   e - Cause Fear                     Hexes                        4
   f - Leda's Liquefaction            Hexes/Earth                  4
Comestibles
 b - 5 bread rations
 g - 7 chunks of flesh
 i - 3 meat rations


   Skills:
 + Level 3.6 Fighting
 - Level 2.0 Dodging
 - Level 2.6 Stealth
 + Level 4.2 Spellcasting
   Level 1.0 Conjurations
 * Level 4.1 Summonings
 * Level 5.9 Ice Magic


You had 7 spell levels left.
You knew the following spells:

 Your Spells              Type           Power        Failure   Level  Hunger
a - Freeze                Ice            ####         1%          1    None
b - Summon Ice Beast      Ice/Summ       ###.....     21%         4    ####...
c - Ozocubu's Armour      Chrm/Ice       ##......     14%         3    ###....


Dungeon Overview and Level Annotations

Branches:
Dungeon (6/15)
 Temple: D:4-7

Altars:
Ashenzari
Fedhas
Yredelemnul

Shops:
D:4 [   D:6 :

Annotations:
D:2 Robin
D:5 exclusion: ice beast


Innate Abilities, Weirdness & Mutations

You cannot wear most types of armour.
You are very stealthy in the water. (Stealth+)
You are amphibious.
You can wear up to eight rings at the same time.
You can use your tentacles to constrict eight enemies at once.
Your skin changes colour to match your surroundings (Stealth+).
Your rubbery body absorbs attacks. (AC +1, EV +1)
You have supernaturally acute eyesight. (SInv)
You are dopey. (Int -2)
You are resistant to hostile enchantments. (MR+)
You occasionally shout uncontrollably at your foes.
You regenerate slowly when monsters are visible.
You are weak. (Str -2)


Message History

* * * LOW HITPOINT WARNING * * *
Your ice beast barely misses the phantom.
Your ice beast hits the bullfrog.
The bullfrog dies!
You hit the phantom. You squeeze the phantom.
The phantom is moderately damaged.
The phantom blinks!
You hit the phantom but do no damage.
The phantom is moderately damaged.
The phantom barely misses you.
Your ice beast hits the phantom.
Your ice beast freezes the phantom.
The phantom resists.
You hit the phantom.
The phantom is heavily damaged.
The phantom closely misses you.
Your ice beast hits the phantom but does no damage.
Your ice beast closely misses the phantom.
You hit the phantom but do no damage.
The phantom is heavily damaged.
The phantom hits you!
You die...

########## #........#
###### #.######.# .....#
#.# #(# ####.####.# #.#
..........# ##.##
...######.# ##WY.##
..........####.Y@..#
##.#####...........#
##รท# ##.####.....#####
##.######....##.........
##...l...###.###<#######
.#######.# #.##...# ###
#.## #.# #.##...# #.#
##.# #.# #.##>..# #.#
#.### #.###.###.#######
#.#


You could see a phantom and 2 friendly ice beasts.

Vanquished Creatures
  Sigmund (D:5)
  An ogre (D:6)
  A centaur (D:5)
  A scorpion (D:4)
  A crimson imp (D:5)
  3 orc wizards
  A hound (D:4)
  An iguana (D:6)
  3 worker ants
  2 worker ant zombies
  A gnoll (D:2)
  6 adders
  3 shadow imps
  An adder zombie (D:6)
  An adder skeleton (D:4)
  A worm (D:3)
  2 dart slugs
  3 leopard geckos
  12 orcs
  5 bats
  3 giant cockroaches
  12 goblins
  11 hobgoblins
  3 kobolds
  A quokka (D:6)
  3 frilled lizards (D:1)
  A giant cockroach zombie (D:6)
  11 rats
95 creatures vanquished.

Vanquished Creatures (collateral kills)
  An ogre (D:6)
  A bullfrog (D:6)
  An iguana (D:6)
3 creatures vanquished.

Grand Total: 98 creatures vanquished

Notes
Turn   | Place    | Note
-------+----------+-------------------------------------------
     0 | D:1      | oplop the Octopode Ice Elementalist began the quest for the Orb.
     0 | D:1      | Reached XP level 1. HP: 11/11 MP: 3/3
   220 | D:1      | Reached skill level 1 in Fighting
   312 | D:1      | Reached XP level 2. HP: 15/18 MP: 5/5
   672 | D:1      | Reached XP level 3. HP: 11/23 MP: 6/6
  1493 | D:2      | Noticed Robin
  1619 | D:2      | Reached XP level 4. HP: 20/29 MP: 5/8
  2086 | D:3      | Learned a level 4 spell: Summon Ice Beast
  2123 | D:3      | Found a blossoming altar of Fedhas.
  2257 | D:3      | Found a shattered altar of Ashenzari.
  2967 | D:4      | Reached skill level 1 in Summonings
  2967 | D:4      | Reached skill level 4 in Ice Magic
  2967 | D:4      | Reached XP level 5. HP: 26/35 MP: 6/9
  3176 | D:4      | Found Doxzeyl's Antique Armour Shop.
  3897 | D:5      | Entered Level 5 of the Dungeon
  3943 | D:5      | Reached XP level 6. HP: 15/41 MP: 5/11
  4098 | D:5      | Found a basalt altar of Yredelemnul.
  4463 | D:5      | Noticed Sigmund
  4522 | D:5      | Noticed an ice beast
  4650 | D:6      | Learned a level 3 spell: Ozocubu's Armour
  4784 | D:6      | Found Zozineryo's Book Boutique.
  5102 | D:6      | Reached skill level 5 in Ice Magic
  5102 | D:6      | Reached XP level 7. HP: 40/45 MP: 8/12
  5399 | D:4      | Gained mutation: You occasionally shout uncontrollably at your foes. [potion of mutation]
  5399 | D:4      | Gained mutation: You are weak. (Str -2) [potion of mutation]
  5399 | D:4      | Gained mutation: You are dopey. (Int -2) [potion of mutation]
  5400 | D:4      | Gained mutation: You regenerate slowly when monsters are visible. [potion of mutation]
  5400 | D:4      | Gained mutation: You are resistant to hostile enchantments. (MR+) [potion of mutation]
  5400 | D:4      | Gained mutation: You have supernaturally acute eyesight. (SInv) [potion of mutation]
  5819 | D:5      | Killed Sigmund
  6213 | D:6      | Reached XP level 8. HP: 52/52 MP: 6/14
  6253 | D:6      | Slain by a phantom

Skill      XL: |  1  2  3  4  5  6  7 |
---------------+----------------------+-----
Fighting       | 1 2 3 |  3.6
Spellcasting   | 3 4 |  4.2
Summonings     | 1 2 4 |  4.1
Ice Magic      | 4 5 |  5.9
Dodging        | |  2.0
Stealth        | |  2.6
Conjurations   | |  1.0

Action                   |  1- 3 |  4- 6 |  7- 9 || total
-------------------------+-------+-------+-------++-------
Melee: Unarmed           |    40 |       |       ||    40
       Constrict         |    25 |    30 |     8 ||    63
       Tentacles         |     9 |    29 |     5 ||    43
       Dagger            |    40 |   105 |    44 ||   189
 Cast: Freeze            |    20 |    32 |    14 ||    66
       Summon Ice Beast  |       |       |     5 ||     5
       Ozocubu's Armour  |       |       |     1 ||     1
  Use: Scroll            |       |       |    16 ||    16
       Potion            |       |       |     3 ||     3
 Stab: Sleeping          |    14 |    10 |     3 ||    27
  Eat: Chunk             |     2 |     4 |     1 ||     7
       Fruit             |       |     4 |       ||     4
       Meat ration       |       |     1 |       ||     1
       Pizza             |       |       |     1 ||     1
Armor: Skin              |    13 |     6 |     5 ||    24
Dodge: Dodged            |    39 |    71 |    30 ||   140
